 Dungeon Crawl Stone Soup version 0.29.1-15-g9cfb28693d (webtiles) character file.

Game seed: 404258617454905536

267 leafyfresh the Covert (level 6, 0/44 HPs)
             Began as an Octopode Delver on Apr 6, 2023.
             Slain by an orc
             ... wielding a +0 club
              (5 damage)
             ... on level 3 of the Dungeon.
             The game lasted 00:03:15 (2822 turns).

leafyfresh the Covert (Octopode Delver)             Turns: 2822, Time: 00:03:16

Health: 0/44       AC:  1    Str: 11    XL:     6   Next: 21%
Magic:  6/6        EV: 14    Int: 14    God:
Gold:   146        SH:  0    Dex: 14    Spells: 5/5 levels left

rFire   . . .      SeeInvis .   a - +0 short sword
rCold   . . .      Faith    .   (no shield)
rNeg    . . .      Spirit   .   (helmet restricted)
rPois   .          Reflect  .   (no amulet)
rElec   .          Harm     .   (no ring)
rCorr   .          Rampage  .   (no ring)
Will    .....                   (no ring)
Stlth   +++++.....              (no ring)
HPRegen 0.14/turn               (no ring)
MPRegen 0.10/turn               (no ring)
                                (no ring)
                                (no ring)

@: no status effects
A: almost no armour, amphibious, 8 rings, camouflage 1, gelatinous body 1,
(nimble swimmer 1), tentacles
a: no special abilities


You were on level 3 of the Dungeon.
You visited 1 branch of the dungeon, and saw 5 of its levels.

You collected 146 gold pieces.

Inventory:

Hand Weapons
 a - a +0 short sword (weapon)
Missiles
 g - 5 datura-tipped darts (quivered)
Magical Staves
 e - a staff of cold
Wands
 f - a wand of digging (3)
Scrolls
 b - 2 scrolls of fog
 c - a scroll of magic mapping
 d - a scroll of fear
 h - 2 scrolls of amnesia {unknown}
 j - a scroll of immolation {unknown}
 k - a scroll of vulnerability {unknown}
 l - a scroll of enchant weapon {unknown}
 n - a scroll of identify {unknown}
 o - 2 scrolls of enchant armour {unknown}
Potions
 i - 5 potions of curing {unknown}
 m - a potion of degeneration {unknown}
 p - 2 potions of resistance {unknown}


   Skills:
 + Level 4.5 Fighting
 - Level 2.0 Short Blades
 + Level 3.9 Dodging
 + Level 8.3 Stealth


You had 5 spell levels left.
You didn't know any spells.
Your spell library was empty.

Dungeon Overview and Level Annotations

Branches:
Dungeon (5/15)
 Temple: D:4-7

Altars:
Trog

Shops:
D:3 *

Annotations:
D:4 1 transporter


Innate Abilities, Weirdness & Mutations

You cannot wear most types of armour.
You are amphibious.
You can wear up to eight rings at the same time.
Your skin changes colour to match your surroundings (Stealth+).
Your rubbery body absorbs attacks. (AC +1, EV +1)
((You are camouflaged when in or above water. (Stealth+)))
You have tentacles for arms and can constrict up to eight enemies at once.


Message History

You barely miss the orc priest. Your grab misses the orc priest.
The orc priest is heavily wounded.
The orc closely misses you. The orc priest closely misses you.
You barely miss the orc priest. Your grab misses the orc priest.
The orc priest is heavily wounded.
The orc completely misses you.
The orc priest casts a cantrip, but nothing happens.
You hit the orc priest. You grab the orc priest.
You squeeze the orc priest, but do no damage.
The orc priest is heavily wounded.
You constrict the orc priest. The orc closely misses you.
The orc priest hits you with a +0 hand axe.
You are too injured to fight recklessly!
You are too injured to fight recklessly!
You are too injured to fight recklessly!
Unknown command.
You hit the orc priest but do no damage.
The orc priest is heavily wounded.
You constrict the orc priest. The orc closely misses you.
The orc priest hits you with a +0 hand axe.
* * * LOW HITPOINT WARNING * * *
You hit the orc priest.
You kill the orc priest!
The orc completely misses you.
You hit the orc. Your grab misses the orc.
You squeeze the orc, but do no damage.
The orc is lightly wounded.
The orc misses you. The orc closely misses you.
You hit the orc. Your grab misses the orc.
The orc is severely wounded.
The orc hits you with a +0 short sword.
* * * LOW HITPOINT WARNING * * *
The orc hits you with a +0 club.
* * * LOW HITPOINT WARNING * * *
You hit the orc.
You kill the orc!
The orc hits you with a +0 club.
* * * LOW HITPOINT WARNING * * *
The orc attacks as you move away! The orc hits you with a +0 club.
You die...

# #
#.#.............
+.. #.
#.#.#.###.##.##.
##..#.##.#.#.## .#
+............(##..
##.∩#...........
####.#.#.#..
..####.#.#.#...
..........o.#
#..######@#.+
#)#.# #.# # ...
#.. .... ###. ##


You could see an orc.

Vanquished Creatures
  A necrophage (D:5)
  An orc priest (D:3)
  Jessica (D:3)
  An iguana (D:5)
  6 adders
  A worm (D:3)
  2 dart slugs (D:1)
  4 orcs
  3 bats (D:1)
  6 endoplasms
  3 giant cockroaches
  5 goblins
  6 hobgoblins
  5 quokkas
  3 ball pythons
  5 frilled lizards
  2 kobolds
  7 rats
62 creatures vanquished.

Notes
Turn   | Place    | Note
-------+----------+-------------------------------------------
     0 | D:5      | leafyfresh the Octopode Delver began the quest for the Orb.
     0 | D:5      | Reached XP level 1. HP: 16/16 MP: 1/1
    66 | D:5      | Noticed an iguana
    73 | D:5      | Killed an iguana
    74 | D:5      | Reached skill level 7 in Stealth
    74 | D:5      | Reached XP level 2. HP: 21/21 MP: 2/2
    74 | D:5      | Reached XP level 3. HP: 26/26 MP: 3/3
   177 | D:5      | Noticed a necrophage
   185 | D:5      | Noticed a phantom
   190 | D:5      | Killed a necrophage
   191 | D:5      | Reached XP level 4. HP: 9/33 MP: 4/4
   627 | D:4      | Found a transporter.
   662 | D:3      | Noticed Jessica
   665 | D:3      | Killed Jessica
   666 | D:3      | Reached XP level 5. HP: 37/37 MP: 5/5
  1274 | D:2      | Found a bloodstained altar of Trog.
  1977 | D:1      | Reached skill level 8 in Stealth
  2301 | D:1      | Found a faded altar of an unknown god.
  2421 | D:1      | Reached XP level 6. HP: 40/44 MP: 6/6
  2800 | D:3      | Found Coemn's Assorted Antiques.
  2822 | D:3      | Slain by an orc

Illustrated notes

Levels and vault maps discovered:
D:1:      eino_arrival_water_cross, layout_basic,
          dreamdust_ecumenical_altar_hidden_monk_grotto, minmay_vboxes
D:2:      layout_basic, basic_altar
D:3:      layout_basic, serial_shops, shop, uniq_jessica
D:4:      gammafunk_wand_slinger, layout_rooms,
          minmay_temple_entry_purple_smoke, goddamned_bats, uniq_ijyb
D:5:      layout_layer_cave, minmay_overflow_temple_star_quad,
          columned_hall_lemuel, uniq_eustachio, uniq_menkaure

Skill      XL: |  1  2  3  4  5 |
---------------+----------------+-----
Stealth        | 7 8 |  8.3
Dodging        | 3 |  3.9
Fighting       | 4 |  4.5
Short Blades   | |  2.0

Action                   |  1- 3 |  4- 6 || total
-------------------------+-------+-------++-------
Melee: Short sword       |    11 |   109 ||   120
       Constrict         |     2 |    22 ||    24
       Tentacles         |     2 |    24 ||    26
       Punch             |       |     1 ||     1
  Use: Potion            |       |     1 ||     1
 Stab: Sleeping          |     2 |    19 ||    21
Armor: Skin              |     1 |     9 ||    10
Dodge: Dodged            |     4 |    91 ||    95
